 Dungeon Crawl Stone Soup version 0.28.0-43-g3370ac3207 (webtiles) character file.

Game seed: 10694809755742461232

39 sanboga the Skirmisher (level 3, -4/23 HPs)
             Began as a Gargoyle Fighter on Mar 23, 2022.
             Slain by a gnoll
             ... wielding a +0 flail
              (7 damage)
             ... on level 2 of the Dungeon.
             The game lasted 00:00:59 (1193 turns).

sanboga the Skirmisher (Gargoyle Fighter)           Turns: 1193, Time: 00:01:00

Health: -4/23      AC: 10    Str: 21    XL:     3   Next: 47%
Magic:  3/3        EV:  9    Int:  8    God:
Gold:   45         SH:  4    Dex:  9    Spells: 2/2 levels left

rFire   . . .      SeeInvis .   a - +0 war axe
rCold   . . .      Faith    .   c - +0 buckler
rNeg    + . .      Spirit   .   b - +0 scale mail
rPois   ∞          Reflect  .   (no helmet)
rElec   +          Harm     .   (no cloak)
rCorr   .          Rampage  .   (no gloves)
Will    .....                   (no boots)
Stlth   ..........              (no amulet)
HPRegen 0.07/turn               (no ring)
MPRegen 0.08/turn               (no ring)

@: attractive, flying, invisible
A: sickness immunity, AC +3, negative energy resistance 1, electricity
resistance, torment resistance 1, petrification resistance
a: no special abilities


You were on level 2 of the Dungeon.
You visited 1 branch of the dungeon, and saw 2 of its levels.

You collected 45 gold pieces.

Inventory:

Hand Weapons
 a - a +0 war axe (weapon)
Armour
 b - a +0 scale mail (worn)
 c - a +0 buckler (worn)
Jewellery
 i - a ring of positive energy
 l - an amulet of guardian spirit
Scrolls
 e - a scroll of acquirement {unknown}
 f - a scroll of identify {unknown}
 j - a scroll of immolation {unknown}
Potions
 d - a potion of might


   Skills:
 + Level 3.6 Fighting
 * Level 2.5 Axes
 + Level 3.6 Armour
 + Level 3.6 Shields


You had 2 spell levels left.
You didn't know any spells.
Your spell library was empty.

Dungeon Overview and Level Annotations

Branches:
Dungeon (2/15)

Altars:


Innate Abilities, Weirdness & Mutations

You are immune to sickness and miasma.
Your stone body is resilient. (AC +3)
You are immune to poison.
You resist negative energy. (rN+)
You are resistant to electric shocks. (rElec)
You are resistant to unholy torment.
You are immune to petrification.


Message History

The gnoll hits you with a +0 flail. You block the goblin's attack.
You hit the gnoll.
The gnoll is almost dead.
You hit the goblin. You closely miss the gnoll.
The gnoll hits you but does no damage. The gnoll completely misses you.
The goblin hits you but does no damage.
You closely miss the gnoll.
The gnoll is almost dead.
You hit the gnoll. You hit the goblin.
You kill the goblin!
The gnoll barely misses you. The gnoll hits you with a +0 flail!
The gnoll barely misses you. You block the gnoll's attack.
You are too injured to fight recklessly!
You are too injured to fight recklessly!
It was a potion of flight.
You feel very buoyant.
You fly up into the air.
The gnoll completely misses you.
The endoplasm hits you but does no damage.
You block the gnoll's attack. The gnoll barely misses you.
It was a potion of attraction.
You feel attractive to monsters. You block the gnoll's attack.
The endoplasm freezes you.
You are frozen.
* * * LOW HITPOINT WARNING * * *
The gnoll hits you with a +0 club.
* * * LOW HITPOINT WARNING * * *
The gnoll closely misses you.
It was a potion of invisibility.
You fade into invisibility!
The gnoll barely misses you. The endoplasm barely misses you.
The gnoll barely misses you. The gnoll hits you with a +0 flail.
* * * LOW HITPOINT WARNING * * *
You catch the helpless gnoll completely off-guard!
You slash the gnoll!
You kill the gnoll!
You closely miss the gnoll. You barely miss the gnoll. You hit the endoplasm.
You block the endoplasm's attack. The gnoll hits you but does no damage.
The gnoll hits you with a +0 flail!
You die...

#.......... ...
..# .#..########
...#####.# .#..#
.......#.## .#..#
.......#.># .#..#
..........##.#..#
#..........#.#..#
#.....g)...#.#..#
#$....g@.....#
#.....J.###..#
###.....# #..#
#.....# #..#
#.....# #.>#
#.....# #..#
####+## #..# #.#
#..#
#.####..######


You could see 2 gnolls and an endoplasm.

Vanquished Creatures
  An adder (D:2)
  A gnoll (D:2)
  An endoplasm (D:1)
  2 giant cockroaches (D:1)
  4 goblins
  3 hobgoblins
  2 jackals (D:1)
  6 ball pythons
  2 bats
  2 frilled lizards
  3 kobolds
  3 rats
30 creatures vanquished.

Notes
Turn   | Place    | Note
-------+----------+-------------------------------------------
     0 | D:1      | sanboga the Gargoyle Fighter began the quest for the Orb.
     0 | D:1      | Reached XP level 1. HP: 14/14 MP: 1/1
    31 | D:1      | Found a faded altar of an unknown god.
   146 | D:1      | Reached XP level 2. HP: 19/19 MP: 2/2
   828 | D:2      | Reached XP level 3. HP: 23/23 MP: 3/3
  1193 | D:2      | Slain by a gnoll

Illustrated notes

Levels and vault maps discovered:
D:1:      psy_arrival_terrarium, layout_loops_cross,
          dreamdust_ecumenical_altar_grove, minmay_misc_feat_enclosed
D:2:      layout_basic

Skill      XL: |  1 |
---------------+----+-----
Axes           | 2 |  2.5
Fighting       | |  3.6
Armour         | |  3.6
Shields        | |  3.6

Action                   || total
-------------------------++-------
Melee: War axe           ||    62
  Use: Potion            ||     3
 Stab: Invisible         ||     1
Armor: Scale mail        ||    39
Dodge: Dodged            ||    44
Block: Buckler           ||    15
